 Dungeon Crawl Stone Soup version 0.30.1-11-g7821555f0a (webtiles) character file.

Game seed: 7478989753406414644

721 bnorton916 the Magician (level 8, -2/57 HPs)
             Began as a Meteoran Earth Elementalist on Nov 1, 2023.
             Was an Initiate of Gozag.
             Slain by a sky beast (5 damage)
             ... on level 6 of the Dungeon.
             The game lasted 00:12:06 (3048 turns).

bnorton916 the Magician (MeEE)                      Turns: 3048, Time: 00:12:06

Health: -2/57      AC:  3    Str:  9    XL:     8   Next: 22%
Magic:  3/18       EV: 12    Int: 20    God:    Gozag
Gold:   197        SH:  5    Dex: 14    Spells: 12/19 levels left

rFire   + . .        c - staff of fire
rCold   . . .        (no shield)
rNeg    . . .        a - +0 robe
rPois   .            (no helmet)
rElec   .            (no cloak)
rCorr   .            n - +0 pair of gloves
SInv    .            (no boots)
Will    +....        u - amulet of reflection
Stlth   +            k - ring of flight
HPRegen 0.29/turn    (no ring)
MPRegen 0.16/turn

%: reflection
@: flying, glowing
A: sense surroundings 1, otherworldly, glowing, explore regen
a: Renounce Religion, Potion Petition, Call Merchant, Bribe Branch


You were on level 6 of the Dungeon.
You worshipped Gozag.
Gozag was aware of your devotion.
You visited 2 branches of the dungeon, and saw 7 of its levels.

You collected 273 gold pieces.
You spent 44 gold pieces at shops.
You paid 32 gold pieces to Gozag.

Inventory:

Missiles
 d - 25 stones
 m - 12 poisoned darts
Armour
 a - a +0 robe (worn)
 n - a +0 pair of gloves (worn)
 w - a +0 leather armour
 B - the +1 chain mail of Tartarus {Rampage rPois rC++ Regen+}
   (You took it off an orc on level 4 of the Dungeon)

   rC:        It greatly protects you from cold.
   rPois:     It protects you from poison.
   Regen:     It increases your rate of health regeneration.
   Rampage:   It bestows one free step when moving towards enemies.
 C - a +2 ring mail of cold resistance
Magical Staves
 c - a staff of fire (weapon)
Jewellery
 k - a ring of flight (left hand)
 u - an amulet of reflection (around neck)
Wands
 l - a wand of roots (10)
Scrolls
 e - a scroll of vulnerability {unknown}
 f - a scroll of fog
 h - a scroll of blinking
 j - 2 scrolls of magic mapping
 s - 2 scrolls of teleportation
 x - a scroll of torment
 y - a scroll of identify
Potions
 b - 2 potions of magic
 g - a potion of heal wounds
 i - a potion of haste {unknown}
 o - 4 potions of brilliance {unknown}
 p - 2 potions of cancellation {unknown}
 q - a potion of invisibility {unknown}
 r - a potion of degeneration {unknown}
 t - 2 potions of attraction {unknown}
 v - a potion of curing {unknown}
 z - 2 potions of ambrosia {unknown}
 A - 3 potions of might {unknown}


   Skills:
 - Level 2.4 Dodging
 - Level 1.4 Stealth
 + Level 6.4 Spellcasting
 - Level 4.4 Transmutations
 - Level 3.0 Air Magic
 - Level 5.8 Earth Magic
 - Level 3.0 Poison Magic


You had 12 spell levels left.
You knew the following spells:

 Your Spells              Type           Power      Damage    Failure   Level
a - Sandblast             Erth           58%        2d13      1%          1
b - Stone Arrow           Conj/Erth      36%        3d9       9%          3
c - Mephitic Cloud        Conj/Pois/Air  14%        N/A       13%         3

Your spell library contained the following spells:

 Spells                   Type           Power      Damage    Failure   Level
 Passwall                 Tmut/Erth      22%        N/A       1%          2
 Cigotuvi's Dreadful Rot  Necr/Pois/Air  28%        N/A       7%          2
 Magic Dart               Conj           24%        1d4       10%         1
 Slow                     Hex            24%        N/A       10%         1
 Ignite Poison            Fire/Tmut/Pois 24%        N/A       11%         3
 Petrify                  Tmut/Erth      27%        N/A       12%         4
 Call Imp                 Summ           12%        N/A       16%         2
 Call Canine Familiar     Summ           6%         N/A       30%         3
 Leda's Liquefaction      Hex/Erth       9%         N/A       30%         4
 Fulminant Prism          Conj/Hex       3%         3d5       69%         4
 Silence                  Hex/Air        6%         N/A       83%         5
 Freezing Cloud           Conj/Ice/Air   5%         6-21      88%         5


Dungeon Overview and Level Annotations

Branches:
Dungeon (6/15) Zot: 565    Temple (1/1) D:4 Zot: 526

Altars:
Cheibriados
Fedhas
Gozag
Hepliaklqana
Nemelex Xobeh
Okawaru
Ru
Sif Muna
Yredelemnul

Shops:
D:3 ?

Annotations:
Temple 2 transporters


Innate Abilities, Weirdness & Mutations

You passively map a small area around you.
You are easily found by Zot.
You glow in the dark.
You regain HP and MP as you explore.


Message History

Press: ? - help, Shift-Dir - straight line, f - orc
Aim: an orc, wielding a +0 club (83% to hit)
The blast of sand hits the orc!
You kill the orc!
You hit something but do no damage.
A sky beast appears from thin air!
Reactivating autopickup.
The sky beast barely misses you.
The sky beast is distracted by your dazzling golden aura.
You barely miss the sky beast.
The sky beast is no longer distracted by gold.
The sky beast hits you but does no damage.
You hit the sky beast but do no damage.
The sky beast is distracted by your dazzling golden aura.
You catch the helpless sky beast completely off-guard!
You hit the sky beast but do no damage.
The sky beast is no longer distracted by gold.
You block the sky beast's attack.
You hit the sky beast but do no damage.
The sky beast flickers out of sight!
Deactivating autopickup; reactivate with Ctrl-A.
Something hits you. Something shocks you.
Something hits you but does no damage.
You miss something. Something hits you. Something shocks you.
You hit something. Something hits you. Something shocks you.
Something hits you. Something shocks you.
Something hits you but does no damage.
Found an escape hatch in the ceiling.
Something hits you. Something shocks you. Something completely misses you.
Something hits you. Something shocks you.
* * * LOW HITPOINT WARNING * * *
You see here a throwing net.
You completely miss something. Something hits you.
* * * LOW HITPOINT WARNING * * *
Something shocks you.
* * * LOW HITPOINT WARNING * * *
You miss something. Something hits you.
* * * LOW HITPOINT WARNING * * *
Something shocks you.
You die...
Your body crumbles into a pile of gold.

+ , .... , , , , ,
... * ## * * ~ ,,
... ..### , #.#####
..... * #.#...,
...... *
.######!#.####......
..........$<.$....>.
, ,
...###.#$.$.#..... <
, , #.....@.#.....
#....{........
#.......###.#. *
.................<.
....##############.
* ... , .. # * * , *
*


There were no monsters in sight!

Vanquished Creatures
  Grinder (D:3)
  A phantom (D:4)
  A hound (D:5)
  An orc priest (D:5)
  A gnoll bouda (D:6)
  Jessica (D:2)
  An orc wizard (D:3)
  Ijyb (D:3)
  3 iguanas
  A sleepcap (D:4)
  6 gnolls
  3 adders
  A shadow imp (D:4)
  2 dart slugs
  13 orcs
  9 ball pythons
  5 endoplasms
  5 giant cockroaches
  3 goblins
  4 hobgoblins
  A kobold (D:3)
  6 quokkas
  4 bats
  3 frilled lizards
  4 rats
81 creatures vanquished.

Notes
Turn   | Place    | Note
-------+----------+-------------------------------------------
     0 | D:1      | bnorton916 the Meteoran Earth Elementalist began the quest
                  | for the Orb.
     0 | D:1      | Reached XP level 1. HP: 14/14 MP: 5/5
    87 | D:1      | Reached XP level 2. HP: 20/20 MP: 4/6
   106 | D:1      | Reached skill level 3 in Spellcasting
   492 | D:1      | Glimpsed the power of Zot.
   541 | D:1      | Glimpsed the power of Zot.
   589 | D:2      | Reached XP level 3. HP: 26/26 MP: 6/8
   736 | D:2      | Noticed Jessica
   743 | D:2      | Learned a level 3 spell: Stone Arrow
   747 | D:2      | Killed Jessica
   748 | D:2      | Reached XP level 4. HP: 17/33 MP: 7/10
  1079 | D:2      | Glimpsed the power of Zot.
  1120 | D:3      | Noticed Ijyb
  1129 | D:3      | Killed Ijyb
  1130 | D:3      | Reached skill level 4 in Spellcasting
  1130 | D:3      | Reached XP level 5. HP: 17/38 MP: 2/12
  1233 | D:3      | Noticed Grinder
  1343 | D:3      | Killed Grinder
  1344 | D:3      | Reached skill level 5 in Spellcasting
  1344 | D:3      | Reached skill level 5 in Earth Magic
  1344 | D:3      | Reached XP level 6. HP: 45/45 MP: 2/14
  1344 | D:3      | Reached XP level 7. HP: 50/50 MP: 2/15
  1433 | D:3      | Found Ziczej's Magic Scroll Shoppe.
  1441 | D:3      | Bought a scroll of identify for 22 gold pieces
  1441 | D:3      | Bought a scroll of identify for 22 gold pieces
  1535 | D:3      | Got Sif Muna's Catalogue of Enchanting Sidekicks
  1634 | D:3      | Found a faded altar of an unknown god.
  1663 | D:3      | Glimpsed the power of Zot.
  1706 | D:4      | Found a staircase to the Ecumenical Temple.
  1738 | Temple   | Entered the Ecumenical Temple
  1738 | Temple   | Found a transporter.
  1738 | Temple   | Found a transporter.
  1740 | Temple   | Found a transporter.
  1740 | Temple   | Found a transporter.
  1801 | D:4      | Identified the +1 chain mail of Tartarus {Rampage rPois
                  | rC++ Regen+}
  1861 | Temple   | Became a worshipper of Gozag Ym Sagoz the Greedy
  1911 | D:4      | Learned a level 3 spell: Mephitic Cloud
  1960 | D:4      | Reached skill level 1 in Air Magic
  1960 | D:4      | Reached skill level 1 in Poison Magic
  2281 | D:4      | Found a snail-covered altar of Cheibriados.
  2325 | D:4      | Glimpsed the power of Zot.
  2350 | D:5      | Entered Level 5 of the Dungeon
  2593 | D:5      | Reached skill level 6 in Spellcasting
  2593 | D:5      | Reached XP level 8. HP: 57/57 MP: 15/18
  2918 | D:4      | Glimpsed the power of Zot.
  2968 | D:4      | Glimpsed the power of Zot.
  3007 | D:5      | Glimpsed the power of Zot.
  3048 | D:6      | Slain by a sky beast

Illustrated notes

Levels and vault maps discovered:
D:1:      dpeg_arrival_connections, layout_basic
D:2:      layout_loops_ring, uniq_jessica
D:3:      layout_rooms, hellmonk_ecumenical_altar_defaced_shrine, serial_shops,
          shop, hangedman_decor_clover_reticule, roderic_st_hans_cross,
          uniq_ijyb, uniq_grinder
D:4:      layout_rooms, mainiacjoe_overflow_alcove_1,
          minmay_temple_entry_mini_moons, dk_noncrumbling_4
D:5:      layout_basic, grunt_decor_resistance
D:6:      layout_basic, dreamdust_divine_triumvirate, kennysheep_little_box
Temple:   hellmonk_temple_divided_pantheon

Skill      XL: |  1  2  3  4  5  6  7  8 |
---------------+-------------------------+-----
Spellcasting   | 3 4 5 6 |  6.4
Earth Magic    | 4 5 |  5.8
Transmutations | 2 3 4 |  4.4
Air Magic      | 2 3 |  3.0
Poison Magic   | 2 3 |  3.0
Dodging        | |  2.4
Stealth        | |  1.4

Action                     |  1- 3 |  4- 6 |  7- 9 || total
---------------------------+-------+-------+-------++-------
  Melee: Staff             |     2 |       |     9 ||    11
   Cast: Sandblast         |    33 |    26 |    51 ||   110
         Stone Arrow       |       |     5 |    25 ||    30
    Use: Scroll            |     1 |       |     5 ||     6
   Stab: Distracted        |       |       |     1 ||     1
 Armour: Robe              |       |     7 |     7 ||    14
  Dodge: Dodged            |     8 |     5 |    18 ||    31
  Block: Other             |       |       |     8 ||     8
